 Dungeon Crawl Stone Soup version 0.19.0-9-gfd783f2 (webtiles) character file.

49 Chiseanne the Ducker (level 3, 0/24 HPs)
             Began as a High Elf Artificer on Nov 7, 2016.
             Killed by divine providence
             ... invoked by an orc priest
              (16 damage)
             ... on level 3 of the Dungeon.
             The game lasted 00:02:09 (2921 turns).

Chiseanne the Ducker (High Elf Artificer)           Turns: 2921, Time: 00:02:10

Health: 0/24       AC:  5    Str: 11    XL:     3   Next: 51%
Magic:  6/6        EV: 12    Int: 16    God:
Gold:   166        SH:  0    Dex: 15    Spells: 0 memorised, 2 levels left

rFire  . . .     SeeInvis .     s - +0 hand axe
rCold  . . .     Gourm    .     t - +0 ring mail
rNeg   . . .     Faith    .     (no shield)
rPois  .         Spirit   .     (no helmet)
rElec  .         Reflect  .     (no cloak)
rCorr  .         Harm     .     (no gloves)
MR     .....                    (no boots)
Stlth  +.........               (no amulet)
                                (no ring)
                                (no ring)

@: no status effects
A: no striking features
a: no special abilities


You were on level 3 of the Dungeon.
You were not hungry.

You visited 1 branch of the dungeon, and saw 3 of its levels.

You collected 166 gold pieces.

Inventory:

Hand Weapons
 s - a +0 hand axe (weapon)
Missiles
 j - 3 needles of sleeping
 k - 24 bolts
 l - 50 stones (quivered)
 m - 11 arrows
Armour
 t - a +0 ring mail (worn)
Wands
 c - a wand of flame (15/48)
 d - a wand of enslavement (15/24)
 e - a wand of random effects (15/48)
Scrolls
 h - 3 scrolls of identify {unknown}
 i - 2 scrolls of amnesia {unknown}
 q - a scroll of enchant armour {unknown}
 r - a scroll of teleportation {unknown}
 u - a scroll of fog {unknown}
Potions
 g - 5 potions of curing {unknown}
 o - a potion of cancellation {unknown}
 p - a potion of flight {unknown}
Comestibles
 a - a meat ration
 f - 3 bread rations
 n - a beef jerky


   Skills:
 * Level 2.2 Fighting
   Level 1.2 Short Blades
 * Level 0.3 Armour
 * Level 3.5 Dodging
 - Level 1.1 Stealth
 - Level 3.0 Evocations


You had 2 spell levels left.
You didn't know any spells.

Dungeon Overview and Level Annotations

Branches:
Dungeon (3/15)

Altars:
Makhleb
Nemelex Xobeh


Message History

No target in view!
No target in view!
h - 3 scrolls labeled UXZIUMNATE (gained 1) All of the chunks of flesh in your inventory have rotted away.
There is an escape hatch in the floor here.
An orc priest comes into view. It is wielding a dagger.
The orc priest closely misses you.
You completely miss the orc priest.
The orc priest invokes the aid of Beogh against you.
Pain shoots through your body!
The orc priest hits you but does no damage.
You hit the orc priest.
The orc priest is heavily wounded.
The orc priest misses you.
You barely miss the orc priest.
The orc priest is heavily wounded.
The orc priest calls down the wrath of Beogh upon you.
Beogh smites you!
Ouch! That really hurt!
You die...

............###....
.#########..##.#.#.
..........###..
########.##.#.#. ..#
#.###.### # #.# #.# ###
#. #.# #.#
####..###.######.#######
......o@....>...........
..#..####.#.########.###
# #.#.########.###
#.#.##..........
#.#.##.#####.###
#.#.##.# #.# # ..#.##.#
#.### ###.##.# #....
..##.# #####


You could see an orc priest.

Vanquished Creatures
  An ooze (D:1)
  A dart slug (D:2)
  A leopard gecko (D:1)
  An orc (D:3)
  9 bats
  4 giant cockroaches
  8 goblins
  4 hobgoblins
  A kobold (D:1)
  3 quokkas
  2 frilled lizards (D:2)
  2 rats (D:3)
37 creatures vanquished.

Notes
Turn   | Place    | Note
-------+----------+-------------------------------------------
     0 | D:1      | Chiseanne the High Elf Artificer began the quest for the Orb.
     0 | D:1      | Reached XP level 1. HP: 13/13 MP: 4/4
   743 | D:1      | Reached XP level 2. HP: 18/18 MP: 5/5
  1915 | D:2      | Reached XP level 3. HP: 24/24 MP: 6/6
  2437 | D:2      | Found a burning altar of Makhleb.
  2521 | D:3      | Found a sparkling altar of Nemelex Xobeh.
  2921 | D:3      | Killed from afar by an orc priest

Skill      XL: |  1  2 |
---------------+-------+-----
Dodging        | 3 |  3.5
Fighting       | 2 |  2.2
Short Blades   | |  1.2
Armour         | |  0.3
Stealth        | |  1.1
Evocations     | |  3.0

Action                   || total
-------------------------++-------
Melee: Short sword       ||   109
       Hand axe          ||    49
 Stab: Sleeping          ||     3
  Eat: Chunk             ||     6
Armor: Leather armour    ||    32
       Ring mail         ||    20
Dodge: Dodged            ||   119
